[ AOE2 MATCH · #506757079 ]
UnrankedSpanish vs Turks
Player's team · WIN
Rival team · LOSS
[ REPLAY ANALYSIS · EXTRACTED FROM THE RECORDED GAME ]
Feudal
9:15
Castle
18:41
Imperial
—
| APM avg | 49.1 |
| APM peak | 108 |
| eAPM avg | 19.9 |
| Villagers / military | 52 / 1 |
Focus
⚔️ 38.2% · 🌾 61.8%
Scout Cavalry ×1
Feudal
10:56
Castle
15:41
Imperial
—
| APM avg | 41.3 |
| APM peak | 84 |
| eAPM avg | 19.2 |
| Villagers / military | 63 / 11 |
Focus
⚔️ 29.3% · 🌾 70.7%
Mangonel ×7 · Scout Cavalry ×3 · Monk ×1
Match map
Initial resources + every placement click. Lines = walls · curves = elevation contours. ◆ gold · ⬟ stone · ● berries · ✦ relic · ◌ wall gap
Your base· ✓ Closed at 18:41 · 0t walls · 2 gate(s)
MrDiiego/twitch.tv's base· ✓ Closed at 15:41 · 41t walls · 2 gate(s)
Smoothed initial terrain · ◌ = detected wall gap · hover for details
Inputs per minute
— maxymczech - - MrDiiego/twitch.tv
Build order — maxymczech
96 actions detected in the replay
| 0:00 | Queue | Villager (Male) |
| 0:01 | Build | House |
| 0:02 | Build | House |
| 0:17 | Queue | Villager (Male) ×3 |
| 1:19 | Queue | Villager (Male) |
| 1:48 | Queue | Villager (Male) |
| 2:05 | Queue | Villager (Male) |
| 2:22 | Queue | Villager (Male) |
| 2:36 | Build | Lumber Camp |
| 2:43 | Queue | Villager (Male) ×2 |
| 3:00 | Build | House |
| 3:01 | Build | House |
| 3:15 | Queue | Villager (Male) |
| 3:30 | Queue | Villager (Male) |
| 4:45 | Queue | Villager (Male) ×2 |
| 5:02 | Queue | Villager (Male) ×3 |
| 5:47 | Queue | Villager (Male) |
| 5:53 | Build | Mill |
| 6:29 | Research | Loom |
| 6:49 | Research | Feudal Age |
| 7:12 | Build | Mining Camp |
| 7:42 | Queue | Villager (Male) |
| 8:20 | Build | House |
| 8:20 | Build | House |
| 8:56 | Queue | Villager (Male) |
| 9:15 | Age | Feudal Age |
| 9:18 | Build | Watch Tower |
| 9:32 | Research | Double-Bit Axe |
| 9:35 | Build | Blacksmith |
| 9:58 | Queue | Villager (Male) |
| 10:01 | Queue | Villager (Male) |
| 10:21 | Research | Fletching |
| 10:21 | Research | Fletching |
| 10:49 | Queue | Villager (Male) |
| 10:50 | Queue | Villager (Male) |
| 10:52 | Research | Town Watch |
| 10:52 | Queue | Villager (Male) |
| 11:08 | Queue | Villager (Male) |
| 11:21 | Build | Market |
| 11:52 | Queue | Villager (Male) |
| 11:52 | Queue | Villager (Male) |
| 12:00 | Build | Mill |
| 12:08 | Queue | Villager (Male) |
| 12:38 | Build | House |
| 12:52 | Build | Farm |
| 12:59 | Build | Watch Tower |
| 13:21 | Queue | Villager (Male) |
| 13:22 | Queue | Villager (Male) |
| 13:35 | Build | Mining Camp |
| 13:42 | Queue | Villager (Male) |
| 14:06 | Build | Farm |
| 14:10 | Build | Farm |
| 14:24 | Queue | Villager (Male) |
| 14:29 | Build | Farm |
| 14:49 | Queue | Villager (Male) |
| 14:54 | Build | Farm |
| 14:58 | Build | Farm |
| 15:11 | Queue | Villager (Male) |
| 15:43 | Build | Farm |
| 16:01 | Research | Castle Age |
| 16:29 | Build | Barracks |
| 16:58 | Research | Padded Archer Armor |
| 17:38 | Queue | Villager (Male) |
| 17:49 | Queue | Villager (Male) |
| 17:50 | Queue | Villager (Male) |
| 17:51 | Build | House |
| 17:52 | Build | House |
| 18:04 | Build | Stable |
| 18:27 | Queue | Villager (Male) |
| 18:41 | Age | Castle Age |
| 18:47 | Research | Bodkin Arrow |
| 18:49 | Build | University |
| 19:30 | Research | Guard Tower (upgrade) |
| 19:44 | Queue | Villager (Male) |
| 20:24 | Queue | Villager (Male) |
| 20:44 | Queue | Scout Cavalry |
| 20:46 | Queue | Villager (Male) |
| 20:47 | Build | Farm |
| 20:48 | Build | Farm |
| 21:01 | Build | Watch Tower |
| 21:12 | Build | Lumber Camp |
| 21:13 | Queue | Villager (Male) |
| 21:35 | Build | Farm |
| 21:50 | Queue | Villager (Male) |
| 21:51 | Queue | Villager (Male) |
| 21:54 | Build | Farm |
| 22:38 | Build | Castle |
| 22:46 | Queue | Villager (Male) |
| 22:47 | Queue | Villager (Male) |
| 22:47 | Queue | Villager (Male) |
| 22:47 | Queue | Villager (Male) |
| 22:51 | Build | Mining Camp |
| 23:00 | Research | Ballistics |
| 23:32 | Queue | Villager (Male) |
| 23:32 | Queue | Villager (Male) |
| 23:33 | Queue | Villager (Male) |
Build order — MrDiiego/twitch.tv
138 actions detected in the replay
| 0:01 | Queue | Villager (Male) |
| 0:01 | Queue | Villager (Male) |
| 0:01 | Queue | Villager (Male) |
| 0:01 | Queue | Villager (Male) |
| 0:02 | Queue | Villager (Male) |
| 0:02 | Build | House |
| 0:04 | Build | House |
| 1:27 | Queue | Villager (Male) |
| 1:27 | Queue | Villager (Male) |
| 1:52 | Build | Lumber Camp |
| 1:56 | Queue | Villager (Male) |
| 1:57 | Queue | Villager (Male) |
| 2:22 | Queue | Villager (Male) |
| 2:23 | Queue | Villager (Male) |
| 2:42 | Queue | Villager (Male) |
| 2:42 | Queue | Villager (Male) |
| 3:02 | Build | House |
| 3:04 | Build | House |
| 3:12 | Queue | Villager (Male) |
| 3:12 | Queue | Villager (Male) |
| 3:56 | Queue | Villager (Male) |
| 3:56 | Queue | Villager (Male) |
| 4:15 | Queue | Villager (Male) |
| 4:16 | Queue | Villager (Male) |
| 4:26 | Build | House |
| 4:43 | Build | Mill |
| 4:46 | Queue | Villager (Male) |
| 4:46 | Queue | Villager (Male) |
| 5:06 | Queue | Villager (Male) |
| 5:24 | Build | Farm |
| 5:25 | Queue | Villager (Male) |
| 5:25 | Queue | Villager (Male) |
| 5:25 | Queue | Villager (Male) |
| 5:34 | Build | Farm |
| 6:27 | Queue | Villager (Male) |
| 6:27 | Queue | Villager (Male) |
| 6:30 | Build | Farm |
| 6:47 | Queue | Villager (Male) |
| 6:48 | Queue | Villager (Male) |
| 6:48 | Queue | Villager (Male) |
| 6:48 | Queue | Villager (Male) |
| 6:48 | Queue | Villager (Male) |
| 6:48 | Queue | Villager (Male) |
| 6:49 | Queue | Villager (Male) |
| 6:58 | Build | Farm |
| 7:25 | Build | Farm |
| 7:28 | Queue | Villager (Male) |
| 7:29 | Queue | Villager (Male) |
| 7:43 | Queue | Villager (Male) |
| 7:43 | Queue | Villager (Male) |
| 7:59 | Build | Farm |
| 8:33 | Research | Feudal Age |
| 9:15 | Build | Palisade Wall |
| 9:19 | Build | Palisade Wall |
| 9:37 | Build | Palisade Wall |
| 9:38 | Build | Palisade Wall |
| 9:59 | Queue | Villager (Male) |
| 10:28 | Build | House |
| 10:51 | Build | House |
| 10:56 | Age | Feudal Age |
| 10:57 | Build | Stone Wall |
| 11:00 | Build | Stone Wall |
| 11:02 | Build | Stone Wall |
| 11:03 | Queue | Villager (Male) |
| 11:22 | Build | Stone Wall |
| 11:23 | Build | Stone Wall |
| 11:26 | Queue | Villager (Male) |
| 11:30 | Build | Stone Wall |
| 11:37 | Build | Blacksmith |
| 11:38 | Queue | Villager (Male) |
| 11:42 | Queue | Villager (Male) |
| 11:50 | Build | Stone Wall |
| 11:52 | Build | Stone Wall |
| 11:53 | Build | Stone Wall |
| 12:06 | Build | Market |
| 12:26 | Build | Stone Wall |
| 12:31 | Build | Stone Wall |
| 12:54 | Research | Castle Age |
| 13:12 | Build | Mining Camp |
| 13:31 | Research | Double-Bit Axe |
| 14:29 | Research | Horse Collar |
| 14:54 | Queue | Villager (Male) |
| 15:01 | Build | House |
| 15:13 | Build | Barracks |
| 15:20 | Build | House |
| 15:41 | Age | Castle Age |
| 15:43 | Build | Siege Workshop |
| 15:53 | Queue | Villager (Male) |
| 16:06 | Build | Farm |
| 16:09 | Queue | Villager (Male) |
| 16:10 | Build | Farm |
| 16:14 | Queue | Mangonel |
| 16:28 | Build | Farm |
| 16:32 | Queue | Villager (Male) |
| 16:39 | Build | Farm |
| 16:58 | Queue | Villager (Male) |
| 17:00 | Build | Farm |
| 17:11 | Queue | Mangonel |
| 17:22 | Queue | Villager (Male) |
| 17:42 | Queue | Villager (Male) |
| 17:51 | Build | Farm |
| 17:57 | Queue | Villager (Male) |
| 18:18 | Build | Stable |
| 18:23 | Queue | Villager (Male) |
| 18:27 | Build | Monastery |
| 18:40 | Build | House |
| 19:03 | Queue | Villager (Male) |
| 19:09 | Build | Farm |
| 19:14 | Queue | Scout Cavalry |
| 19:15 | Queue | Monk |
| 19:18 | Build | Farm |
| 19:42 | Queue | Villager (Male) |
| 19:46 | Build | Farm |
| 19:47 | Queue | Villager (Male) |
| 19:51 | Build | House |
| 19:53 | Build | House |
| 19:54 | Build | House |
| 20:38 | Queue | Villager (Male) |
| 20:44 | Queue | Villager (Male) |
| 20:57 | Queue | Mangonel |
| 21:09 | Build | Farm |
| 21:23 | Queue | Villager (Male) |
| 21:29 | Build | Farm |
| 21:31 | Queue | Villager (Male) |
| 21:32 | Build | House |
| 21:33 | Build | House |
| 21:34 | Queue | Mangonel |
| 21:43 | Queue | Scout Cavalry |
| 21:57 | Queue | Scout Cavalry |
| 22:02 | Build | House |
| 22:06 | Build | Farm |
| 22:08 | Queue | Mangonel |
| 22:36 | Queue | Mangonel |
| 22:37 | Queue | Villager (Male) |
| 23:02 | Queue | Villager (Male) |
| 23:27 | Queue | Mangonel |
| 23:28 | Queue | Villager (Male) |
| 23:39 | Queue | Villager (Male) |
Match timeline
| 9:15 | MrDiiego/twitch.tv · wall_segment Palisade Wall x10 |
| 9:15 | maxymczech · age_up feudal |
| 9:19 | MrDiiego/twitch.tv · wall_segment Palisade Wall x9 |
| 9:37 | MrDiiego/twitch.tv · wall_segment Palisade Wall x1 |
| 9:38 | MrDiiego/twitch.tv · wall_segment Palisade Wall x3 |
| 10:56 | MrDiiego/twitch.tv · age_up feudal |
| 10:57 | MrDiiego/twitch.tv · wall_segment Stone Wall x1 |
| 11:00 | MrDiiego/twitch.tv · wall_segment Stone Wall x1 |
| 11:02 | MrDiiego/twitch.tv · wall_segment Stone Wall x6 |
| 11:22 | MrDiiego/twitch.tv · wall_segment Stone Wall x5 |
| 11:23 | MrDiiego/twitch.tv · wall_segment Stone Wall x1 |
| 11:30 | MrDiiego/twitch.tv · wall_segment Stone Wall x3 |
| 11:50 | MrDiiego/twitch.tv · wall_segment Stone Wall x1 |
| 11:52 | MrDiiego/twitch.tv · wall_segment Stone Wall x1 |
| 11:53 | MrDiiego/twitch.tv · wall_segment Stone Wall x1 |
| 12:26 | MrDiiego/twitch.tv · wall_segment Stone Wall x1 |
| 12:31 | MrDiiego/twitch.tv · wall_segment Stone Wall x1 |
| 12:53 | MrDiiego/twitch.tv · first_market_sell 100 food |
| 14:52 | maxymczech · first_market_buy 100 food |
| 15:13 | MrDiiego/twitch.tv · first_building Barracks |
| 15:41 | MrDiiego/twitch.tv · age_up castle |
| 15:43 | MrDiiego/twitch.tv · first_building Siege Workshop |
| 16:29 | maxymczech · first_building Barracks |
| 18:04 | maxymczech · first_building Stable |
| 18:18 | MrDiiego/twitch.tv · first_building Stable |
| 18:27 | MrDiiego/twitch.tv · first_building Monastery |
| 18:41 | maxymczech · age_up castle |
| 22:38 | maxymczech · first_building Castle |
| 23:55 | MrDiiego/twitch.tv · resign |
[ AI ANALYSIS · 1 CREDIT ]
What really happened in this match?
Wolo.gg analyzes every decision: build order, eco, micro, common mistakes by bracket. Personalized analysis on WhatsApp or Discord in 30 seconds.
Civ guide
Spanish
Perfil
Jugador #5813618